 Dungeon Crawl Stone Soup version 0.26-a0-478-g6c97825307 (webtiles) character file.

Game seed: 2264812878830530820

3943 Gargoyl the Fighter (level 10, -4/82 HPs)
             Began as a Gnoll Abyssal Knight on Aug 1, 2020.
             Was an Elder of Lugonu.
             Slain by a cyclops (14 damage)
             ... on level 8 of the Dungeon.
             The game lasted 00:14:50 (10896 turns).

Gargoyl the Fighter (Gnoll Abyssal Knight)         Turns: 10896, Time: 00:14:51

Health: -4/82      AC: 22    Str: 17    XL:     10   Next: 21%
Magic:  17/17      EV:  8    Int: 15    God:    Lugonu [****..]
Gold:   839        SH:  0    Dex: 15    Spells: 19/19 levels left

rFire    . . .     SeeInvis .   c - +8 flail "Ogom Acat" {venom, rElec}
rCold    . . .     Faith    .   (no shield)
rNeg     + . .     Spirit   .   w - +2 plate armour
rPois    .         Reflect  .   l - +0 helmet
rElec    +         Harm     .   b - +1 cloak {Stlth+}
rCorr    .                      (no gloves)
MR       .....                  e - +2 pair of boots
Stlth    ..........             (no amulet)
HPRegen  0.23/turn              i - ring of flight
MPRegen  0.15/turn              v - ring of positive energy

@: no status effects
A: distributed training, fangs 1, strong nose
a: Depart the Abyss, Bend Space, Banish, Corrupt, Renounce Religion, Evoke
Flight


You were on level 8 of the Dungeon.
You worshipped Lugonu.
Lugonu was greatly pleased with you.
You visited 1 branch of the dungeon, and saw 8 of its levels.
You visited the Abyss 1 time.
You also visited: Sewer.

You collected 839 gold pieces.

Inventory:

Hand Weapons
 a - a +2 vorpal hand axe
 c - the +8 flail "Ogom Acat" (weapon) {venom, rElec}
   (You found it on level 5 of the Dungeon)

   It poisons the flesh of those it strikes.
   It insulates you from electricity.
 q - a +5 broad axe
Missiles
 j - 11 boomerangs (quivered)
Armour
 b - a +1 cloak of stealth (worn)
 e - a +2 pair of boots (worn)
 l - a +0 helmet (worn)
 w - a +2 plate armour (worn)
Jewellery
 i - a ring of flight (left hand)
 v - a ring of positive energy (right hand)
Wands
 n - a wand of digging (6)
 r - a wand of iceblast (19)
Scrolls
 h - 4 scrolls of magic mapping
 k - a scroll of identify
 m - 7 scrolls of remove curse
 o - a scroll of noise {unknown}
 x - a scroll of fear
Potions
 d - a potion of invisibility
 f - a potion of curing
 g - 5 potions of lignification
 p - a potion of flight
 s - a potion of haste
 t - a potion of heal wounds
 u - 2 potions of might


   Skills:
 + Level 8.4 Fighting
 + Level 5.0 Short Blades
 + Level 5.0 Long Blades
 + Level 6.9 Axes
 + Level 5.0 Maces & Flails
 + Level 5.0 Polearms
 + Level 5.0 Staves
 + Level 5.0 Slings
 + Level 5.0 Bows
 + Level 5.0 Crossbows
 + Level 5.0 Throwing
 + Level 6.9 Armour
 + Level 5.7 Dodging
 + Level 5.0 Stealth
 + Level 5.0 Shields
 + Level 5.0 Unarmed Combat
 + Level 5.0 Spellcasting
 + Level 4.2 Conjurations
 + Level 4.2 Hexes
 + Level 4.2 Summonings
 + Level 4.2 Necromancy
 + Level 4.2 Translocations
 + Level 4.2 Transmutations
 + Level 4.2 Fire Magic
 + Level 4.2 Ice Magic
 + Level 4.2 Air Magic
 + Level 4.2 Earth Magic
 + Level 4.2 Poison Magic
 + Level 7.3 Invocations
 + Level 5.0 Evocations


You had 19 spell levels left.
You didn't know any spells.
Your spell library contained the following spells:

 Spells                   Type           Power        Failure   Level
 Corona                   Hex            ###....      71%         1
 Ensorcelled Hibernation  Hex/Ice        ###...       83%         2
 Poisonous Vapours        Pois/Air       ###...       83%         2
 Confusing Touch          Hex            ###.....     97%         3
 Conjure Flame            Conj/Fire      ###.....     97%         3
 Dazzling Flash           Conj/Hex       ###...       97%         3
 Gell's Gravitas          Tloc           ###.......   97%         3
 Mephitic Cloud           Conj/Pois/Air  ###.....     97%         3
 Tukima's Dance           Hex            ###.....     97%         3
 Petrify                  Tmut/Erth      ###.....     100%        4
 Metabolic Englaciation   Hex/Ice        ###.......   100%        5
 Yara's Violent Unravell  Hex/Tmut       ###.......   100%        5
 Freezing Cloud           Conj/Ice/Air   ###.......   100%        6


Dungeon Overview and Level Annotations

Branches:
Dungeon (8/15)             Temple (0/1) D:6           Sewer (visited)
   Lair: D:8-11

Altars:
Fedhas
Kikubaaqudgha
Makhleb
Nemelex Xobeh
Okawaru
Uskayaw
Wu Jian
The Shining One
Beogh

Shops:
D:5 }

Annotations:
D:7 corrupted


Innate Abilities, Weirdness & Mutations

Your experience applies equally to all skills.
You have very sharp teeth.
Your uncanny sense of smell can sniff out nearby items.


Message History

The large rock hits you but does no damage.
You see here a large rock.
The cyclops throws a large rock.
The large rock hits you but does no damage.
Found a glowing great sword.
You see here a large rock.
A cyclops comes into view.
The cyclops shouts!
Found a paperback book, a short glowing staff and a manual of Maces & Flails.
The cyclops throws a large rock.
The large rock hits you!!
The cyclops throws a large rock.
The large rock hits you!
Found a pair of embroidered boots, a thick glowing staff and a shiny ring mail.
You see here a large rock.
The cyclops throws a large rock.
The large rock hits you!!
* * * LOW HITPOINT WARNING * * *
You see here a large rock.
You sock the cyclops!
The cyclops is poisoned.
You bite the cyclops.
The cyclops is moderately wounded.
The cyclops hits you!
You die...

.........[...##
##....##...
.............#
#..######.
............##
##...#####
#.........#### ##
###......
.#......###..## #.#
###....
......###..#(.##.###
###..
....###..#.#.(#.##.##
###
..###).#.#.#...##[|[##
######.#
##((.#.#.#.#.##(@:C|.#
.......)
..###..#.#.#.#.##C):##
######.#
....###..#.#.## #.##
### ###...###..#.# ##
###.. #.....###..#
###.... ##.......###
###......
##..........##
##........
.............#
#.......##
.†......)....##
##.......#


You could see 2 cyclopes.

Vanquished Creatures
  The ghost of iamserjio the Sneak, a novice OpDe of Nemelex Xobeh (D:6)
  Maggie (D:6)
  A water moccasin (D:8)
  A black bear (D:6)
  2 necrophages
  2 orc warriors (D:7)
  A phantom (D:2)
  3 ogres
  8 centaurs
  3 big kobolds (Sewer)
  A bullfrog (D:7)
  A scorpion (D:5)
  A bullfrog zombie (D:5)
  A crimson imp (D:4)
  3 hounds
  Crazy Yiuf (D:4)
  5 orc priests
  3 jellies
  5 orc wizards
  2 centaur skeletons (D:4)
  3 iguanas
  6 worker ants
  2 hound zombies (D:5)
  2 worker ant zombies
  13 adders
  4 gnolls
  2 shadow imps (D:5)
  4 white imps
  An ufetubus (D:7)
  7 oozes
  5 worms
  3 dart slugs
  4 leopard geckos
  29 orcs
  7 bats
  12 giant cockroaches
  8 goblins
  7 hobgoblins
  9 jackals
  20 kobolds
  2 quokkas
  9 ball pythons
  2 frilled lizards
  A goblin zombie (D:4)
  A hobgoblin zombie (D:4)
  2 kobold skeletons (D:4)
  2 kobold zombies (D:4)
  A leopard gecko skeleton (D:4)
  2 orc skeletons (D:4)
  An orc zombie (D:4)
  2 quokka skeletons
  11 rats
230 creatures vanquished.

Vanquished Creatures (others)
  Harold (D:7)
  Duvessa (D:7)
  An orc warrior (D:7)
  A bullfrog (D:7)
  Dowan (D:7)
  7 killer bees (D:7)
  An orc priest (D:7)
  2 orcs (D:7)
  A leopard gecko skeleton (D:7)
16 creatures vanquished.

Grand Total: 246 creatures vanquished

Notes
Turn   | Place    | Note
-------+----------+-------------------------------------------
     0 | Abyss:1  | Gargoyl the Gnoll Abyssal Knight began the quest for the
                  | Orb.
     0 | Abyss:1  | Reached XP level 1. HP: 23/23 MP: 3/3
    34 | Abyss:1  | Found a corrupted altar of Lugonu.
   247 | Abyss:1  | Noticed a neqoxec
   261 | Abyss:1  | Noticed a large abomination
   268 | D:1      | Escaped the Abyss
   394 | D:1      | Reached XP level 2. HP: 26/29 MP: 5/5
   435 | D:1      | Reached * piety under Lugonu
   855 | D:1      | Reached XP level 3. HP: 35/35 MP: 6/6
  1434 | D:2      | Found an iron altar of Okawaru.
  1515 | D:2      | Reached ** piety under Lugonu
  1515 | D:2      | Reached skill level 1 in Short Blades
  1515 | D:2      | Reached skill level 1 in Long Blades
  1515 | D:2      | Reached skill level 1 in Maces & Flails
  1515 | D:2      | Reached skill level 1 in Polearms
  1515 | D:2      | Reached skill level 1 in Staves
  1515 | D:2      | Reached skill level 1 in Slings
  1515 | D:2      | Reached skill level 1 in Bows
  1515 | D:2      | Reached skill level 1 in Crossbows
  1515 | D:2      | Reached skill level 1 in Throwing
  1515 | D:2      | Reached skill level 1 in Stealth
  1515 | D:2      | Reached skill level 1 in Shields
  1515 | D:2      | Reached skill level 1 in Unarmed Combat
  1515 | D:2      | Reached skill level 1 in Spellcasting
  1515 | D:2      | Reached skill level 1 in Evocations
  1520 | D:2      | Noticed a phantom
  1561 | D:2      | HP: 1/35 [phantom (7)]
  1570 | D:2      | Killed a phantom
  1570 | D:2      | Reached skill level 1 in Conjurations
  1570 | D:2      | Reached skill level 1 in Hexes
  1570 | D:2      | Reached skill level 1 in Summonings
  1570 | D:2      | Reached skill level 1 in Necromancy
  1570 | D:2      | Reached skill level 1 in Translocations
  1570 | D:2      | Reached skill level 1 in Transmutations
  1570 | D:2      | Reached skill level 1 in Fire Magic
  1570 | D:2      | Reached skill level 1 in Ice Magic
  1570 | D:2      | Reached skill level 1 in Air Magic
  1570 | D:2      | Reached skill level 1 in Earth Magic
  1570 | D:2      | Reached skill level 1 in Poison Magic
  1570 | D:2      | Reached XP level 4. HP: 3/41 MP: 7/7
  1570 | D:2      | Reached XP level 5. HP: 4/47 MP: 8/8
  2052 | D:2      | Found an ornate altar of the Wu Jian Council.
  3133 | D:3      | Reached skill level 5 in Invocations
  3406 | D:3      | Reached XP level 6. HP: 50/53 MP: 9/9
  3595 | D:4      | Reached *** piety under Lugonu
  3595 | D:4      | Reached skill level 5 in Axes
  3595 | D:4      | Reached skill level 5 in Armour
  4049 | D:4      | Reached XP level 7. HP: 46/59 MP: 10/10
  4180 | D:4      | Found a runed translucent door.
  4181 | D:4      | Noticed Crazy Yiuf
  4221 | D:4      | Reached skill level 7 in Fighting
  5300 | D:4      | Found a glowing golden altar of the Shining One.
  5588 | D:4      | Killed Crazy Yiuf
  5701 | D:5      | Entered Level 5 of the Dungeon
  5912 | D:5      | Reached XP level 8. HP: 58/66 MP: 12/12
  6422 | D:5      | Got a sapphire flail
  6434 | D:5      | Identified the +8 flail "Ogom Acat" {venom, rElec} (You
                  | found it on level 5 of the Dungeon)
  6792 | D:5      | Found Zeris's Gadget Shoppe.
  6796 | D:5      | Reached **** piety under Lugonu
  6892 | D:6      | Found a glowing drain.
  6903 | Sewer    | Entered a sewer
  7557 | D:6      | Reached XP level 9. HP: 66/72 MP: 14/14
  7596 | D:6      | Found a staircase to the Ecumenical Temple.
  7600 | D:6      | Noticed Maggie
  7611 | D:6      | Killed Maggie
  7862 | D:6      | Found a hide-covered altar of Uskayaw.
  7898 | D:6      | Found a blossoming altar of Fedhas.
  8125 | D:6      | Found an ancient bone altar of Kikubaaqudgha.
  8215 | D:6      | Reached skill level 5 in Dodging
  8289 | D:7      | Noticed Duvessa
  8289 | D:7      | Noticed Dowan
  8303 | D:7      | Corrupted D:7
  8303 | D:7      | Noticed a large abomination
  8303 | D:7      | Noticed a worldbinder
  8303 | D:7      | Noticed an apocalypse crab
  8303 | D:7      | Noticed a spatial maelstrom
  8304 | D:7      | Noticed a great orb of eyes
  8304 | D:7      | Noticed an eidolon
  8305 | D:7      | Noticed a starcursed mass
  8305 | D:7      | Noticed a starcursed mass
  8306 | D:7      | Noticed a worldbinder
  8307 | D:7      | Killed Duvessa
  8307 | D:7      | Killed Dowan
  8313 | D:7      | Noticed a cane toad
  8354 | D:7      | Killed Harold
  8936 | D:7      | Found a burning altar of Makhleb.
  8936 | D:7      | Found a sparkling altar of Nemelex Xobeh.
  9001 | D:7      | Found a runed translucent gate.
  9002 | D:7      | Noticed iamserjio's ghost (novice OpDe)
  9002 | D:7      | Found a runed translucent gate.
  9003 | D:7      | Found a runed translucent gate.
  9009 | D:7      | Found a roughly hewn altar of Beogh.
  9131 | D:7      | Reached skill level 8 in Fighting
  9432 | D:6      | Killed iamserjio's ghost
  9994 | D:8      | Reached XP level 10. HP: 80/80 MP: 17/17
 10388 | D:8      | Reached skill level 5 in Short Blades
 10388 | D:8      | Reached skill level 5 in Long Blades
 10388 | D:8      | Reached skill level 5 in Maces & Flails
 10388 | D:8      | Reached skill level 5 in Polearms
 10388 | D:8      | Reached skill level 5 in Staves
 10388 | D:8      | Reached skill level 5 in Slings
 10388 | D:8      | Reached skill level 5 in Bows
 10388 | D:8      | Reached skill level 5 in Crossbows
 10388 | D:8      | Reached skill level 5 in Throwing
 10388 | D:8      | Reached skill level 5 in Stealth
 10388 | D:8      | Reached skill level 5 in Shields
 10388 | D:8      | Reached skill level 5 in Unarmed Combat
 10388 | D:8      | Reached skill level 5 in Spellcasting
 10388 | D:8      | Reached skill level 5 in Evocations
 10890 | D:8      | Noticed a cyclops
 10893 | D:8      | Noticed a cyclops
 10896 | D:8      | Slain by a cyclops

Illustrated notes

Levels and vault maps discovered:
D:1:      elethiomel_arrival_quiet, layout_basic
D:2:      layout_basic, old_standard_altar, okawaru_ov_weapons_minmay
D:3:      layout_rooms
D:4:      layout_loops_ring, nicolae_tso_besieged_by_evil,
          uniq_crazy_yiuf_cottage
D:5:      minmay_polygon_palace, layout_cave_pools, serial_shops, shop
D:6:      layout_basic, kennysheep_little_box, kennysheep_mini, temple_statues,
          portal_sewer_entry_b, serial_corexii_hall, chequers_hall_statues_y,
          corexii_hall_statues_l, fedhas_altar_fruit_tree, uniq_maggie
D:7:      layout_rooms, amethyst_overflow_temple_binary,
          biasface_ghost_orc_armoury, uniq_harold, uniq_duvessa
D:8:      minmay_the_grid_four_pointed_star
          [minmay_the_grid_triangle_9x9_from_above,
          minmay_the_grid_triangle_9x9_tough_junction,
          minmay_the_grid_triangle_9x9_flanged_cone,
          minmay_the_grid_triangle_9x9_zippers_vertical,
          minmay_the_grid_prize_diamond_cup], layout_layer_cave,
          minmay_strange_pillars

Skill      XL: |  1  2  3  4  5  6  7  8  9 10 |
---------------+-------------------------------+-----
Short Blades   | 1 2 3 4 5 |  5.0
Long Blades    | 1 2 3 4 5 |  5.0
Maces & Flails | 1 2 3 4 5 |  5.0
Polearms       | 1 2 3 4 5 |  5.0
Staves         | 1 2 3 4 5 |  5.0
Slings         | 1 2 3 4 5 |  5.0
Bows           | 1 2 3 4 5 |  5.0
Crossbows      | 1 2 3 4 5 |  5.0
Throwing       | 1 2 3 4 5 |  5.0
Stealth        | 1 2 3 4 5 |  5.0
Shields        | 1 2 3 4 5 |  5.0
Unarmed Combat | 1 2 3 4 5 |  5.0
Spellcasting   | 1 2 3 4 5 |  5.0
Evocations     | 1 2 3 4 5 |  5.0
Conjurations   | 1 2 3 4 |  4.2
Hexes          | 1 2 3 4 |  4.2
Summonings     | 1 2 3 4 |  4.2
Necromancy     | 1 2 3 4 |  4.2
Translocations | 1 2 3 4 |  4.2
Transmutations | 1 2 3 4 |  4.2
Fire Magic     | 1 2 3 4 |  4.2
Ice Magic      | 1 2 3 4 |  4.2
Air Magic      | 1 2 3 4 |  4.2
Earth Magic    | 1 2 3 4 |  4.2
Poison Magic   | 1 2 3 4 |  4.2
Dodging        | 3 4 5 |  5.7
Invocations    | 5 6 7 |  7.3
Axes           | 5 6 |  6.9
Armour         | 5 6 |  6.9
Fighting       | 7 8 |  8.4

Action                   |  1- 3 |  4- 6 |  7- 9 | 10-12 || total
-------------------------+-------+-------+-------+-------++-------
Melee: Hand axe          |   122 |   191 |   209 |       ||   522
       Bite              |    13 |    18 |    45 |     8 ||    84
       Punch             |     1 |     1 |     3 |       ||     5
       Flail             |       |       |   253 |    67 ||   320
Invok: Depart the Abyss  |     1 |       |       |       ||     1
       Bend Space        |       |       |     3 |       ||     3
       Corrupt           |       |       |     1 |       ||     1
  Use: Potion            |     4 |       |     4 |       ||     8
       Scroll            |     6 |       |    12 |       ||    18
 Stab: Sleeping          |     1 |     2 |       |       ||     3
Armor: Leather armour    |    38 |    17 |       |       ||    55
       Chain mail        |       |    49 |       |       ||    49
       Plate armour      |       |    91 |   423 |    64 ||   578
Dodge: Dodged            |    67 |   121 |   216 |    53 ||   457

Table legend: (Time is in decaauts)
 A = Elapsed time spent in this place.
 B = Non-inter-level travel time spent in this place.
 C = Inter-level travel time spent in this place.
 D = Time resting spent in this place.
 E = Time spent auto-exploring this place.
 F = Levels seen in this place.
 G = Mean time per level.
                   A        B        C        D        E       F      G
               +--------+--------+--------+--------+--------+-----+--------+
         Total |  11140 |  10967 |    173 |   3032 |   5639 |  10 | 1114.0 |
       Dungeon |  10072 |   9899 |    173 |   2984 |   4919 |   8 | 1259.0 |
         Abyss |    269 |    269 |      0 |      0 |    245 |   1 |  269.0 |
         Sewer |    798 |    798 |      0 |     48 |    475 |   1 |  798.0 |
               +--------+--------+--------+--------+--------+-----+--------+

Top non-repeatable levels by time:
     D:4: 1831 daAuts
     D:6: 1514 daAuts
     D:3: 1331 daAuts
     D:2: 1249 daAuts
     D:5: 1194 daAuts
     D:1: 1057 daAuts
     D:7: 948 daAuts
     D:8: 943 daAuts
   Sewer: 798 daAuts
 Abyss:1: 269 daAuts
